 Dungeon Crawl Stone Soup version 0.30-a0-802-gb92711bcdf (webtiles) character file.

Game seed: 6342311048228815813

484 Pimp the Covered (level 6, 0/56 HPs)
             Began as a Minotaur Fighter on Feb 23, 2023.
             Was an Initiate of Okawaru.
             Slain by an orc warrior
             ... wielding a +0 halberd
              (9 damage)
             ... on level 5 of the Dungeon.
             The game lasted 00:05:18 (3484 turns).

Pimp the Covered (Minotaur Fighter)                 Turns: 3484, Time: 00:05:19

Health: 0/56       AC:  9    Str: 21 (23) XL:     6   Next: 88%
Magic:  5/5        EV:  9    Int:  5      God:    Okawaru [......]
Gold:   189        SH:  0    Dex:  9      Spells: 5/5 levels left

rFire   . . .      SeeInvis .    a - +0 long sword (heavy)
rCold   . . .      Faith    .    c - +0 buckler
rNeg    . . .      Spirit   .    b - +0 scale mail
rPois   .          Reflect  .    (helmet restricted)
rElec   .          Harm     .    (no cloak)
rCorr   .          Rampage  .    (no gloves)
Will    .....                    s - +1 pair of boots Stlth
                                 (no amulet)
HPRegen 0.29/turn                (no ring)
MPRegen 0.09/turn                (no ring)

@: confused, mighty, ambrosia-drunk
A: horns 2, retaliatory headbutt, noise suppression, devolution 1
a: Renounce Religion


You were on level 5 of the Dungeon.
You worshipped Okawaru.
Okawaru was noncommittal.
You visited 1 branch of the dungeon, and saw 5 of its levels.

You collected 189 gold pieces.

Inventory:

Hand Weapons
 a - a +0 heavy long sword (weapon)
Armour
 b - a +0 scale mail (worn)
 c - a +0 buckler (worn)
 s - a +1 pair of boots (worn)
Jewellery
 p - the ring "Epnesubo" {rC+ Dex+3}
   (You found it on level 2 of the Dungeon)

   [ring of protection from cold]

   Dex:       It affects your dexterity (+3).
   rC:        It protects you from cold.
Wands
 j - a wand of flame (2)
Scrolls
 f - a scroll of amnesia
 k - 2 scrolls of enchant armour
 l - a scroll of teleportation
 m - 2 scrolls of identify
Potions
 d - a potion of might
 e - a potion of ambrosia
 g - a potion of lignification
 h - a potion of invisibility {unknown}
 i - a potion of resistance {unknown}


   Skills:
 + Level 5.6 Fighting
 + Level 4.9 Long Blades
 + Level 5.6 Armour
 + Level 5.6 Shields


You had 5 spell levels left.
You didn't know any spells.
Your spell library contained the following spells:

 Spells                   Type           Power      Damage    Failure   Level
 Sting                    Tmut/Pois      0%         1d3       86%         1
 Ensorcelled Hibernation  Hex/Ice        0%         N/A       95%         2
 Poisonous Vapours        Pois/Air       0%         N/A       95%         2
 Spider Form              Tmut/Pois      0%         N/A       99%         3
 Anguish                  Hex/Necr       0%         N/A       100%        4
 Olgreb's Toxic Radiance  Pois           0%         N/A       100%        4


Dungeon Overview and Level Annotations

Branches:
Dungeon (5/15)             Temple (0/1) D:4

Altars:
Okawaru

Shops:
D:3 =


Innate Abilities, Weirdness & Mutations

You have a pair of horns on your head.
You reflexively headbutt those who attack you in melee.
You passively dampen the noise of your surroundings.
You have hidden genetic defects.


Message History

Your headbutt misses the adder.
The adder is lightly wounded.
You hear a shout!
You block the adder's attack. The orc hits you but does no damage.
The orc warrior throws a boomerang.
The boomerang hits you. The adder barely misses you.
The orc hits you with a +0 club.
The orc warrior hits you but does no damage.
The adder bites you.
The orc warrior hits you with a +0 halberd.
The orc hits you but does no damage.
You closely miss the orc warrior. Your headbutt misses the orc warrior.
The adder bites you. The adder bites you but does no damage.
The orc hits you with a +0 club.
The orc warrior hits you with a +0 halberd!
* * * LOW HITPOINT WARNING * * *
The adder barely misses you.
Okay, then.
You feel very mighty all of a sudden.
The orc wizard gestures wildly while chanting.
The orc wizard flickers and vanishes!
Deactivating autopickup; reactivate with Ctrl-A.
The orc barely misses you.
The orc warrior hits you with a +0 halberd!
* * * LOW HITPOINT WARNING * * *
The adder bites you but does no damage.
You are confused.
You feel invigorated. The orc closely misses you.
The orc warrior hits you with a +0 halberd!
* * * LOW HITPOINT WARNING * * *
The adder bites you but does no damage.
It was a potion of mutation.
You feel extremely strange.
You feel a hidden malignance growing inside you.
You feel your surroundings grow quieter.
The adder bites you but does no damage. The orc hits you with a +0 club.
* * * LOW HITPOINT WARNING * * *
The orc warrior closely misses you. The adder closely misses you.
You closely miss the orc warrior. The orc hits you but does no damage.
An orc comes into view. It is wielding a +0 dagger.
The orc warrior hits you with a +0 halberd!
You die...

#.# # #<# ###
###.###+#.# #..
....#.....# #.#
..........# #.#
##..>.††###.###
..#......# ....
#......†).###S#
..[.......{o@!#
#..#....o####o#
.........# ###
.#.#..#...
.......[..
..#.#.#..#.
#.......o #..
.#.#..


You could see an orc warrior, an adder and 2 orcs.

Vanquished Creatures
  Sigmund (D:4)
  A sky beast (D:4)
  A hound (D:5)
  2 iguanas
  Jessica (D:2)
  Ijyb (D:3)
  3 adders
  2 worms (D:2)
  A dart slug (D:3)
  9 orcs
  7 endoplasms
  2 giant cockroaches
  7 goblins
  7 hobgoblins
  5 jackals
  4 quokkas
  4 ball pythons
  4 bats
  A frilled lizard (D:3)
  5 kobolds
  4 rats
72 creatures vanquished.

Notes
Turn   | Place    | Note
-------+----------+-------------------------------------------
     0 | D:1      | Pimp the Minotaur Fighter began the quest for the Orb.
     0 | D:1      | Reached XP level 1. HP: 19/19 MP: 0/0
   220 | D:1      | Reached XP level 2. HP: 27/27 MP: 1/1
   937 | D:2      | Reached XP level 3. HP: 32/33 MP: 2/2
   960 | D:2      | Identified the ring "Epnesubo" {rC+ Dex+3}
  1099 | D:2      | HP: 1/33 [iguana (6)]
  1373 | D:2      | Noticed Jessica
  1378 | D:2      | Killed Jessica
  1379 | D:2      | Reached XP level 4. HP: 40/41 MP: 3/3
  2063 | D:3      | Noticed Ijyb
  2071 | D:3      | Killed Ijyb
  2152 | D:3      | Reached XP level 5. HP: 47/47 MP: 4/4
  2193 | D:3      | Found Melloura's Jewellery Shoppe.
  2626 | D:4      | Noticed a sky beast
  2631 | D:4      | Killed a sky beast
  2632 | D:4      | Reached skill level 5 in Fighting
  2632 | D:4      | Reached skill level 5 in Armour
  2632 | D:4      | Reached skill level 5 in Shields
  2632 | D:4      | Reached XP level 6. HP: 48/56 MP: 5/5
  2760 | D:4      | Found a staircase to the Ecumenical Temple.
  2761 | D:4      | Noticed Sigmund
  2799 | D:4      | Killed Sigmund
  3072 | D:4      | Found an iron altar of Okawaru.
  3084 | D:4      | Became a worshipper of Warmaster Okawaru
  3453 | D:5      | Entered Level 5 of the Dungeon
  3468 | D:5      | Noticed an orc warrior
  3482 | D:5      | HP: 1/56 [orc warrior/+0 halberd (10)]
  3483 | D:5      | Gained mutation: You have hidden genetic defects. [potion
                  | of mutation]
  3483 | D:5      | Gained mutation: You passively dampen the noise of your
                  | surroundings. [potion of mutation]
  3484 | D:5      | Slain by an orc warrior

Illustrated notes

Levels and vault maps discovered:
D:1:      kilobyte_arrival_exit_the_forest, layout_basic, serial_curves,
          eino_curves_01, eino_curves_01
D:2:      layout_loops_corners, uniq_jessica
D:3:      layout_rooms, serial_shops, shop, uniq_ijyb
D:4:      layout_loops_cross, mainiacjoe_overflow_catwalk,
          minmay_temple_entry_trees, uniq_sigmund
D:5:      layout_basic, hangedman_decor_points

Skill      XL: |  1  2  3  4  5 |
---------------+----------------+-----
Fighting       | 4 5 |  5.6
Armour         | 4 5 |  5.6
Shields        | 4 5 |  5.6
Long Blades    | 3 4 |  4.9

Action                     |  1- 3 |  4- 6 || total
---------------------------+-------+-------++-------
  Melee: Long sword        |    64 |    90 ||   154
         Headbutt          |     9 |     9 ||    18
    Use: Potion            |     1 |     7 ||     8
         Scroll            |       |    12 ||    12
 Armour: Scale mail        |    28 |    78 ||   106
  Dodge: Dodged            |    24 |    72 ||    96
  Block: Buckler           |     9 |    34 ||    43

Table legend: (Time is in decaauts)
 A = Elapsed time spent in this place.
 B = Non-inter-level travel time spent in this place.
 C = Inter-level travel time spent in this place.
 D = Time resting spent in this place.
 E = Time spent auto-exploring this place.
 F = Levels seen in this place.
 G = Mean time per level.
                   A        B        C        D        E       F      G
               +--------+--------+--------+--------+--------+-----+--------+
         Total |   3562 |   3407 |    155 |    402 |   2384 |   5 |  712.4 |
       Dungeon |   3562 |   3407 |    155 |    402 |   2384 |   5 |  712.4 |
               +--------+--------+--------+--------+--------+-----+--------+

Top non-repeatable levels by time:
     D:2: 1071 daAuts
     D:4: 1000 daAuts
     D:1: 936 daAuts
     D:3: 512 daAuts
     D:5: 40 daAuts
